 Dungeon Crawl Stone Soup version 0.31.0-1-g2c135a008e (webtiles) character file.

Game seed: 7129564882419812675

91 qw the Shooter (level 4, 0/35 HPs)
             Began as a Djinni Hunter on Jan 23, 2024.
             Slain by a gnoll
             ... wielding a +0 club
              (6 damage)
             ... on level 2 of the Dungeon.
             The game lasted 00:00:06 (1632 turns).

qw the Shooter (Djinni Hunter)                      Turns: 1632, Time: 00:00:07

Health: 0/35       AC:  6    Str: 10    XL:     4   Next: 87%
Gold:   162        EV: 11    Int: 11    God:
                   SH:  0    Dex: 18

rFire   + + .        a - +0 shortbow
rCold   x . .        (shield currently unavailable)
rNeg    . . .        m - +0 ring mail
rPois   inf          d - +0 helmet
rElec   .            (no cloak)
rCorr   .            (no gloves)
SInv    .            (boots unavailable)
Will    .....        (no amulet)
Stlth   +            (no ring)
HPRegen 0.25/turn    (no ring)
MPRegen 0.00/turn

%: infuse magic (-1 HP)
@: flying
A: sickness immunity, fire resistance 2, cold vulnerability 1, float, innate
caster, HP casting, extra vitality 1
a: no special abilities


You were on level 2 of the Dungeon.
You visited 1 branch of the dungeon, and saw 3 of its levels.

You collected 162 gold pieces.


Innate Abilities, Weirdness & Mutations

You are immune to sickness and miasma.
You are immune to poison.
Your flesh is very heat resistant. (rF++)
You are vulnerable to cold. (rC-)
You float through the air rather than walking.
You learn spells naturally, not from books.
Your magical power is your life essence.
You have superior vitality. (+4 MHP)


   Skills:
 - Level 3.1 Fighting
 + Level 4.2 Ranged Weapons
 - Level 1.0 Armour
 - Level 2.1 Dodging
 - Level 0.7 Stealth


You knew the following spells:

 Your Spells              Type           Power      Damage    Failure   Level
a - Kiss of Death         Conj/Necr      0%         2d5       65%         1
Your spell library was empty.

Inventory:

Hand Weapons
 a - a +0 shortbow (weapon)
Armour
 d - a +0 helmet (worn)
 m - a +0 ring mail (worn)
Jewellery
 c - a ring of fire
Scrolls
 b - 2 scrolls of identify
 i - 2 scrolls of teleportation
Potions
 e - a potion of haste
 f - 2 potions of curing

Dungeon Overview and Level Annotations

Branches:
Dungeon (3/15)

Altars:


Message History

You kill the ribbon worm!
You start resting.
HP restored.
You see here a hobgoblin corpse.
There is a shaft here.
You see here a hobgoblin corpse.
You see here a bat corpse.
You see here a ribbon worm corpse.
There is an open door here.
There is an open door here.
You see here a jackal corpse.
Done exploring.
Done exploring.
1594 ||| UPGRADING to +0 helmet.
You start putting on your armour.
You continue putting on your +0 helmet. x4
You finish putting on your +0 helmet.
Done exploring.
What level of the Dungeon? (default 2, ? - help)
There is a stone staircase leading up here.
There is a stone staircase leading down here.
You fly downwards.
The gnoll hits you with a +0 club. The gnoll hits you with a +0 club!
There is a stone staircase leading up here.
1628 ||| STAIRDANCE The bat barely misses you.
The gnoll hits you but does no damage. The gnoll closely misses you.
You fly upwards.
There is a stone staircase leading down here.
You shoot an arrow. The arrow hits the gnoll.
The gnoll is moderately wounded.
The bat closely misses you. The bat hits you but does no damage.
The gnoll hits you but does no damage. The gnoll hits you with a +0 flail!
You shoot an arrow. The arrow hits the gnoll.
The gnoll is almost dead.
The bat closely misses you. The gnoll barely misses you. The gnoll misses you.
You shoot an arrow. The arrow barely misses the gnoll.
The bat hits you. The gnoll hits you with a +0 flail!
The gnoll completely misses you. The bat hits you but does no damage.
The gnoll hits you with a +0 club.
You die...

.# #...........# #.# ##
#.......##### #.#
#.........### ####.#
#.......#...# #....#
#.......###.# ##....####
#.......# #.####..#.....#
########## #.##....#..##.#
#.......# #..g.##.#..##.#
###.......## ###@b##.#####.#
.......!...# #g###.#####.#
###........#####.###.#.....#
#........#...#.......#####
########.#...#.......#
#.#...#.####### #.'...#.# ##
###...#.# .# ###.#.#


You could see 2 gnolls and a bat.

Vanquished Creatures
  Jessica (D:2)
  An adder (D:2)
  2 ribbon worms (D:2)
  4 ball pythons
  7 bats
  3 endoplasms
  A giant cockroach (D:2)
  2 goblins (D:1)
  5 hobgoblins
  6 jackals
  A kobold (D:2)
  4 quokkas
  3 frilled lizards (D:1)
  7 rats
47 creatures vanquished.

Notes
Turn   | Place    | Note
-------+----------+-------------------------------------------
     0 | D:1      | qw the Djinni Hunter began the quest for the Orb.
     0 | D:1      | Reached XP level 1. HP: 18/18 MP: 0/0
     0 | D:1      | 0 ||| qw: Version: 0.3-a-134-g2ba4250
     0 | D:1      | 0 ||| qw: Game counter: 722
     0 | D:1      | 0 ||| qw: Melee chars always use a shield: true
     0 | D:1      | 0 ||| qw: God list: Okawaru
     0 | D:1      | 0 ||| qw: Allow faded altars: false
     0 | D:1      | 0 ||| qw: Do Orc after clearing Dungeon:15 true
     0 | D:1      | 0 ||| qw: Do second Lair branch before Depths: true
     0 | D:1      | 0 ||| qw: Lair rune preference: random
     0 | D:1      | 0 ||| qw: Goals: Normal
     0 | D:1      | 0 ||| PLANNING D:1-11
    94 | D:1      | Reached XP level 2. HP: 23/23 MP: 0/0
   392 | D:1      | Reached XP level 3. HP: 28/28 MP: 0/0
   392 | D:1      | Learned a level 1 spell: Kiss of Death
   403 | D:1      | Reached skill level 4 in Ranged Weapons
   664 | D:1      | 664 ||| UPGRADING to +0 ring mail.
   674 | D:1      | 674 ||| DROPPING +0 leather armour.
   675 | D:1      | 675 ||| READING scroll labelled YRYAMU HYERE.
   676 | D:1      | 676 ||| READING scroll labelled LUCHYADUXI.
   676 | D:1      | 676 ||| IDENTIFYING metallic ruby potion
   677 | D:1      | 677 ||| READING 3 scrolls labelled QUUSIM LAEK.
   682 | D:1      | 682 ||| READING scroll labelled ADUDUTILLOQA.
   683 | D:1      | 683 ||| READING scroll labelled OSSY SAEFFASK.
   734 | D:1      | 734 ||| READING 3 scrolls labelled MAVUUL OFURUY.
   735 | D:1      | 735 ||| DRINKING 2 yellow potions.
   736 | D:1      | 736 ||| DROPPING scroll of butterflies.
   737 | D:1      | 737 ||| DROPPING 2 scrolls of noise.
   765 | D:2      | Reached skill level 1 in Armour
   898 | D:2      | Noticed Jessica
   904 | D:2      | Killed Jessica
   905 | D:2      | Reached skill level 3 in Fighting
   905 | D:2      | Reached XP level 4. HP: 35/35 MP: 0/0
   963 | D:2      | 963 ||| FLEEEEING.
   964 | D:2      | 964 ||| FLEEEEING.
   965 | D:2      | 965 ||| FLEEEEING.
   966 | D:2      | 966 ||| FLEEEEING.
   967 | D:2      | 967 ||| FLEEEEING.
   968 | D:2      | 968 ||| FLEEEEING.
   969 | D:2      | 969 ||| FLEEEEING.
   971 | D:2      | 971 ||| FLEEEEING.
   972 | D:2      | 972 ||| FLEEEEING.
   973 | D:2      | 973 ||| FLEEEEING.
   974 | D:2      | 974 ||| FLEEEEING.
   975 | D:2      | 975 ||| FLEEEEING.
   976 | D:2      | 976 ||| FLEEEEING.
   977 | D:2      | 977 ||| FLEEEEING.
   978 | D:2      | 978 ||| FLEEEEING.
  1064 | D:2      | You are sucked into a shaft and drop 1 floor!
  1116 | D:3      | 1116 ||| READING 3 scrolls of identify.
  1116 | D:3      | 1116 ||| IDENTIFYING 2 bubbling golden potions
  1117 | D:3      | 1117 ||| DROPPING 2 potions of brilliance.
  1124 | D:3      | 1124 ||| STAIRDANCE
  1594 | D:2      | 1594 ||| UPGRADING to +0 helmet.
  1628 | D:3      | 1628 ||| STAIRDANCE
  1632 | D:2      | HP: 6/35 [gnoll/+0 flail (9)]
  1632 | D:2      | Slain by a gnoll

Levels and vault maps discovered:
D:1:      dpeg_arrival_rooms_c, layout_loops_ring, serial_bayou_pond_a,
          kennysheep_boxes
D:2:      layout_basic, nicolae_wormholes, uniq_jessica
D:3:      layout_loops_corners, mainiacjoe_overflow_alcove_1,
          small_statue_intersection, solitary_fountain, uniq_crazy_yiuf_cottage,
          uniq_sigmund

Skill      XL: |  1  2  3 |
---------------+----------+-----
Ranged Weapons | 4 |  4.2
Armour         | 1 |  1.0
Fighting       | 3 |  3.1
Dodging        | |  2.1
Stealth        | |  0.7

Action                     |  1- 3 |  4- 6 || total
---------------------------+-------+-------++-------
   Fire: Shortbow          |    82 |    66 ||   148
    Use: Scroll            |     6 |     1 ||     7
         Potion            |     1 |       ||     1
 Armour: Leather armour    |     6 |       ||     6
         Ring mail         |    15 |    31 ||    46
  Dodge: Dodged            |    16 |    30 ||    46

Table legend:
 A = Non-vault XP
 B = Vault XP
 C = Vault XP percentage of total XP
 D = Non-vault monster count
 E = Vault monster count
 F = Vault count percentage of total count
                 A         B        C        D         E       F
            +---------+---------+-------+---------+---------+-------
      Total |      84 |      46 |  35.4 |      44 |       3 |   6.4
            +---------+---------+-------+---------+---------+-------
        D:1 |      37 |       0 |   0.0 |      22 |       0 |   0.0
        D:2 |      44 |      46 |  51.1 |      20 |       3 |  13.0
        D:3 |       3 |       0 |   0.0 |       2 |       0 |   0.0
            +---------+---------+-------+---------+---------+-------
